 Dungeon Crawl Stone Soup version 0.18-a0-9-gd4dcb6f (webtiles) character file.

190 Ordine the Digger (level 5, 0/28 HPs)
             Began as a Gargoyle Earth Elementalist on Nov 1, 2015.
             Slain by a gnoll
             ... wielding a +0 spear
              (2 damage)
             ... on level 3 of the Dungeon.
             The game lasted 00:11:33 (3389 turns).

Ordine the Digger (Gargoyle Earth Elementalist)     Turns: 3389, Time: 00:11:34

Health: 0/28       AC:  6    Str: 12    XL:     5   Next: 69%
Magic:  2/11       EV:  6    Int: 16    God:
Gold:   101        SH:  0    Dex: 10    Spells: 4 memorised, 1 level left

rFire  . . .     SeeInvis .     f - +0 club
rCold  . . .     Clarity  +     b - +0 robe
rNeg   + . .     SustAt   .     (no shield)
rPois  ∞         Gourm    .     (no helmet)
rElec  +         Spirit   .     (no cloak)
rCorr  .         Warding  .     (no gloves)
rMut   .         Stasis   .     (no boots)
MR     .....                    g - amulet of clarity
Stlth  ++........               (no ring)
                                (no ring)

@: very slightly contaminated, held, not resistant to hostile enchantments,
unstealthy
A: negative energy resistance 1, electricity resistance, unbreathing,
petrification resistance, rot immunity, AC +4
a: no special abilities


You were on level 3 of the Dungeon.
You were not hungry.

You visited 1 branch of the dungeon, and saw 3 of its levels.

You collected 101 gold pieces.

Inventory:

Hand Weapons
 f - a +0 club (weapon)
Missiles
 a - 33 stones (quivered)
Armour
 b - a +0 robe (worn)
Jewellery
 g - an amulet of clarity (around neck)
Scrolls
 e - 2 scrolls of teleportation {unknown}
 h - 2 scrolls of fear {unknown}
 j - a scroll of amnesia {unknown}
 k - 2 scrolls of remove curse {unknown}
 n - a scroll of identify {unknown}
Books
 c - a book of Geomancy

   Spells                             Type                      Level
   a - Sandblast                      Earth                        1
   b - Stoneskin                      Transmutation/Earth          2
   c - Passwall                       Transmutation/Earth          3
   d - Stone Arrow                    Conjuration/Earth            3
   e - Petrify                        Transmutation/Earth          4
   f - Lee's Rapid Deconstruction     Earth                        5
Comestibles
 d - a bread ration
 i - a meat ration
 m - a slice of pizza


   Skills:
 - Level 1.5 Dodging
 - Level 2.1 Stealth
 * Level 4.1 Spellcasting
 + Level 2.2 Conjurations
 - Level 0.7 Transmutations
 + Level 4.7 Earth Magic


You had one spell level left.
You knew the following spells:

 Your Spells              Type           Power        Failure   Level  Hunger
a - Sandblast             Erth           ###...       2%          1    None
b - Stoneskin             Trmt/Erth      ##......     10%         2    ##.....
c - Stone Arrow           Conj/Erth      ##....       12%         3    ###....
d - Lee's Rapid Deconstr  Erth           ###.......   75%         5    ######.


Dungeon Overview and Level Annotations

Branches:
Dungeon (3/15)

Altars:
Kikubaaqudgha


Innate Abilities, Weirdness & Mutations

You are resistant to torment.
Your stone body is resilient (AC +4).
You are immune to poison.
You resist negative energy.
You are resistant to electric shocks.
You can survive without breathing.
You are immune to petrification.
You are immune to rotting.


Message History

Casting: Sandblast
Confirm with . or Enter, or press ? or * to list all spells.
Aiming: Sandblast
Press: ? - help, Shift-Dir - straight line, f - gnoll
Aim: a gnoll, wielding a spear The blast of sand hits the gnoll.
The gnoll hits you from afar with a spear.
The gnoll barely misses you.
Casting: Sandblast
Confirm with . or Enter, or press ? or * to list all spells.
Aiming: Sandblast
Press: ? - help, Shift-Dir - straight line, f/p - gnoll
Aim: a gnoll, wielding a spear The blast of sand hits the gnoll.
The gnoll hits you from afar with a spear. x2
You try to slip out of the net.
The gnoll hits you from afar with a spear!
* * * LOW HITPOINT WARNING * * *
The gnoll hits you from afar with a spear.
You die...

#....#... #.####..#
.#.#.....#
.........#
.#......†# #.......#
#.....gg# ........(#
##.....#@#
#.......########
#.....#.........
#.....#.#.....#.##
#.......#.....#..#
####....#####....#..
####................
#.......#####....#.#
#.......# #....#.#
.#


You could see 2 gnolls.

Vanquished Creatures
  Jessica (D:2)
  Terence (D:2)
  A gnoll (D:3)
  8 adders
  A worm (D:2)
  7 bats
  A giant cockroach (D:3)
  7 goblins
  8 hobgoblins
  3 quokkas
  3 giant geckos
  7 giant newts
  5 kobolds
  7 rats
60 creatures vanquished.

Notes
Turn   | Place    | Note
--------------------------------------------------------------
     0 | D:1      | Ordine the Gargoyle Earth Elementalist began the quest for the Orb.
     0 | D:1      | Reached XP level 1. HP: 10/10 MP: 3/3
   181 | D:1      | Reached XP level 2. HP: 7/15 MP: 0/5
   238 | D:1      | Learned a level 2 spell: Stoneskin
   434 | D:1      | Reached skill level 4 in Earth Magic
   846 | D:1      | Reached XP level 3. HP: 8/19 MP: 1/7
  1056 | D:1      | Learned a level 3 spell: Stone Arrow
  1169 | D:2      | Noticed Jessica
  1181 | D:2      | Killed Jessica
  1181 | D:2      | Reached skill level 1 in Conjurations
  1181 | D:2      | Reached XP level 4. HP: 2/24 MP: 1/9
  1495 | D:2      | Found an ancient bone altar of Kikubaaqudgha.
  1579 | D:2      | Noticed Terence
  2107 | D:2      | Killed Terence
  2107 | D:2      | Reached XP level 5. HP: 17/28 MP: 0/10
  2241 | D:2      | Learned a level 5 spell: Lee's Rapid Deconstruction
  3389 | D:3      | Slain by a gnoll

Vault maps used:
D:1:      zelgadis_glass_arrival_small
D:2:      kiku_gazebo_garden_becter, st_stairs_9, minivault_14, uniq_jessica,
          uniq_terence
D:3:      kennysheep_the_goblin_king, nicolae_overflow_quartered_altars

Action                   |  1- 3 |  4- 6 || total
-------------------------+-------+-------++-------
Melee: Club              |    37 |    87 ||   124
 Cast: Sandblast         |    24 |    97 ||   121
       Stoneskin         |       |     1 ||     1
 Stab: Sleeping          |     4 |     2 ||     6
  Eat: Chunk             |     1 |     7 ||     8
